 Dungeon Crawl Stone Soup version 0.21-a0-531-gacddea6 (webtiles) character file.

231 Amnesiac the Skirmisher (level 5, 0/32 HPs)
             Began as a Deep Elf Fighter on Dec 13, 2017.
             Slain by a gnoll
             ... wielding a +0 flail
              (10 damage)
             ... on level 4 of the Dungeon.
             The game lasted 00:03:23 (2763 turns).

Amnesiac the Skirmisher (Deep Elf Fighter)          Turns: 2763, Time: 00:03:24

Health: 0/32       AC:  9    Str: 14    XL:     5   Next: 73%
Magic:  16/16      EV:  5    Int: 13    God:
Gold:   151        SH:  8    Dex: 14    Spells: 4/4 levels left

rFire    . . .     SeeInvis .   y - +1 hand axe (drain)
rCold    . . .     Gourm    .   c - +0 shield
rNeg     . . .     Faith    .   g - +0 chain mail
rPois    .         Spirit   .   (no helmet)
rElec    .         Reflect  .   (no cloak)
rCorr    .         Harm     .   (no gloves)
MR       .....                  (no boots)
Stlth    ..........             (no amulet)
HPRegen  0.10/turn              m - ring of magical power
MPRegen  0.15/turn              (no ring)

@: no status effects
A: no striking features
a: no special abilities


You were on level 4 of the Dungeon.
You were not hungry.

You visited 1 branch of the dungeon, and saw 4 of its levels.

You collected 151 gold pieces.

Inventory:

Hand Weapons
 a - a +0 hunting sling
 b - a +0 flail
 x - a +0 blowgun
 y - a +1 hand axe of draining (weapon)
 C - a +0 shortbow
Missiles
 h - 96 stones (quivered)
 q - 79 arrows
 t - 18 sling bullets
 v - 21 poisoned needles
Armour
 c - a +0 shield (worn)
 g - a +0 chain mail (worn)
 i - a +0 scale mail
Jewellery
 m - a ring of magical power (left hand)
Scrolls
 j - 6 scrolls of identify {!r, unknown}
 k - 2 scrolls of teleportation {!r, unknown}
 s - a scroll of amnesia {!r, unknown}
 A - a scroll of immolation {!r, unknown}
 B - a scroll of fog {!r, unknown}
Potions
 d - 2 potions of might {!q}
 e - a potion of invisibility {!q, unknown}
 o - 2 potions of degeneration {!q, unknown}
 p - a potion of lignification {!q, unknown}
 u - 3 potions of flight {!q, unknown}
 w - a potion of heal wounds {!q, unknown}
 z - a potion of haste {!q, unknown}
Books
 D - a book of Misfortune

   Spells                             Type                      Level
   a - Confusing Touch                Hexes                        1
   b - Confuse                        Hexes                        3
   c - Gell's Gravitas                Translocation                3
   d - Petrify                        Transmutation/Earth          4
   e - Metabolic Englaciation         Hexes/Ice                    5
   f - Yara's Violent Unravelling     Hexes/Transmutation          5
Comestibles
 f - 2 bread rations
 l - a fruit
 n - 2 meat rations
 r - a royal jelly


   Skills:
 - Level 3.4 Fighting
 - Level 2.0 Maces & Flails
 + Level 1.1 Bows
 - Level 3.4 Armour
 - Level 3.3 Dodging
 - Level 2.4 Shields


You had 4 spell levels left.
You didn't know any spells.

Dungeon Overview and Level Annotations

Branches:
Dungeon (4/15)
 Temple: D:4-7

Altars:
Gozag
Wu Jian
The Shining One


Message History

No target in view!
j - 5 scrolls labeled LAS BOIHUNIEX {!r} (gained 1)
z - a bubbling pink potion {!q} No target in view!
You see here a rat corpse.
Done exploring.
No target in view!
Done exploring.
No target in view!
You see here a hand axe.
There is a stone staircase leading up here.
You climb upwards.
Found an opulent altar of Gozag.
There is a stone staircase leading down here.
j - 6 scrolls labeled LAS BOIHUNIEX {!r} (gained 1) Done exploring.
Done exploring.
Done exploring.
HP restored.
There is a stone staircase leading down here.
You climb downwards.
There is a stone staircase leading up here.
Done exploring.
No target in view!
Done exploring.
No target in view!
Done exploring.
No target in view!
Done exploring.
There is a stone staircase leading down here.
Search for what [? for help]? ego You climb downwards.
There is a stone staircase leading up here.
You can't go down here!
A gnoll comes into view. It is wielding a flail.
The gnoll shouts!
A gnoll comes into view. It is wielding a flail.
A gnoll comes into view.
There are monsters nearby!
A gnoll comes into view.
The gnoll shouts! x2
There are monsters nearby!
The gnoll hits you with a flail.
You closely miss the gnoll. The gnoll hits you but does no damage.
You hit the gnoll but do no damage. You drain the gnoll!
The gnoll is lightly wounded.
The gnoll hits you but does no damage.
You slash the gnoll!
The gnoll is severely wounded.
You block the gnoll's attack.
You hit the gnoll.
You kill the gnoll!
Your Bows skill increases to level 1!
The gnoll throws a throwing net.
The throwing net hits you.
You become entangled in the net!
You struggle against the net.
The gnoll hits you with a flail!
You struggle against the net.
The gnoll hits you but does no damage.
You struggle against the net.
The gnoll hits you with a flail!
* * * LOW HITPOINT WARNING * * *
You struggle against the net.
You rip the net and break free!
You block the gnoll's attack.
There is a stone staircase leading up here.
The gnoll hits you with a flail!
You die...

. #. .. ###.
#######
#....
#.....#
#...##.....#
#..)..ggg@#
#..##.....#
.... #.....#
.... #######
... .. .


You could see 3 gnolls.

Vanquished Creatures
  A centaur (D:3)
  An orc priest (D:3)
  A gnoll (D:4)
  3 adders
  An ooze (D:2)
  2 worms
  2 dart slugs (D:1)
  3 leopard geckos (D:3)
  10 orcs (D:3)
  8 hobgoblins
  3 jackals (D:3)
  A quokka (D:3)
  4 bats
  A frilled lizard (D:2)
  9 goblins
  4 kobolds
  6 rats
60 creatures vanquished.

Notes
Turn   | Place    | Note
-------+----------+-------------------------------------------
     0 | D:1      | Amnesiac the Deep Elf Fighter began the quest for the Orb.
     0 | D:1      | Reached XP level 1. HP: 13/13 MP: 3/3
    62 | D:1      | Reached XP level 2. HP: 8/18 MP: 4/4
   200 | D:1      | Reached skill level 1 in Dodging
   837 | D:2      | Reached XP level 3. HP: 7/22 MP: 5/5
   856 | D:2      | HP: 1/22 [poisoned by an adder]
  1403 | D:2      | Found an ornate altar of the Wu Jian Council.
  1755 | D:2      | Found a glowing golden altar of the Shining One.
  1931 | D:3      | Reached XP level 4. HP: 26/27 MP: 6/6
  2320 | D:3      | Found a faded altar of an unknown god.
  2477 | D:3      | Noticed a centaur
  2489 | D:3      | Killed a centaur
  2489 | D:3      | Reached XP level 5. HP: 27/32 MP: 7/7
  2706 | D:2      | Found an opulent altar of Gozag.
  2752 | D:4      | Reached skill level 1 in Bows
  2763 | D:4      | Slain by a gnoll

Vault maps used:
D:1:      minmay_arrival_cross
D:2:      marbit_many_paths, nicolae_overflow_hidden_temple, st_stairs_14
D:3:      chequers_ecumenical_altar_simple_redux, first_bread
D:4:      kennysheep_spiral_hall, gammafunk_temple_overflow_forgotten,
          overflow_temple_1_default, uniq_menkaure, uniq_grinder

Skill      XL: |  1  2  3  4  5 |
---------------+----------------+-----
Dodging        | 1 2 3 |  3.3
Maces & Flails | 2 |  2.0
Fighting       | 3 |  3.4
Armour         | 3 |  3.4
Bows           | 1 |  1.1
Shields        | |  2.4

Action                   |  1- 3 |  4- 6 || total
-------------------------+-------+-------++-------
Melee: Flail             |    82 |    45 ||   127
       Hand axe          |       |    41 ||    41
 Fire: Hunting sling     |    40 |       ||    40
  Use: Potion            |     1 |     1 ||     2
  Eat: Chunk             |     2 |     4 ||     6
Armor: Scale mail        |    23 |       ||    23
       Chain mail        |    41 |    56 ||    97
Dodge: Dodged            |    15 |    21 ||    36
Block: Shield            |    56 |    49 ||   105

Table legend:
 A = Spawn XP
 B = Non-spawn XP
 C = Spawn XP percentage of total XP
 D = Spawn monster count
 E = Non-spawn monster count
 F = Spawn count percentage of total count
 G = Total turns spent on level
                    A         B        C        D         E        F      G
               +---------+---------+-------+---------+---------+-------+---------
         Total |       0 |     331 |   0.0 |       0 |      60 |   0.0 |  2763
               +---------+---------+-------+---------+---------+-------+---------
           D:1 |       0 |      30 |   0.0 |       0 |      17 |   0.0 |   768
           D:2 |       0 |      48 |   0.0 |       0 |      10 |   0.0 |  1151
           D:3 |       0 |     239 |   0.0 |       0 |      32 |   0.0 |   824
           D:4 |       0 |      14 |   0.0 |       0 |       1 |   0.0 |    20
               +---------+---------+-------+---------+---------+-------+---------
